 Dungeon Crawl Stone Soup version 0.31-a0-654-gbe3e110b4e (webtiles) character file.

Game seed: 2417260625222489496

867 Dittersdorf the Shield-Bearer (level 8, 0/51 HPs)
             Began as a Gargoyle Fighter on Aug 29, 2023.
             Slain by a +4 spectral quarterstaff (5 damage)
             ... created by Joseph
             ... on level 8 of the Dungeon.
             The game lasted 00:04:17 (4247 turns).

Dittersdorf the Shield-Bearer (Gargoyle Fighter)    Turns: 4247, Time: 00:04:18

Health: 0/51       AC: 15    Str: 27    XL:     8   Next: 3%
Magic:  8/8        EV: 13    Int: 10    God:
Gold:   174        SH:  5    Dex:  9    Spells: 7/7 levels left

rFire   . . .        a - +0 flail
rCold   . . .        c - +0 buckler
rNeg    + . .        l - +0 chain mail
rPois   ∞            (no helmet)
rElec   +            (no cloak)
rCorr   .            (no gloves)
SInv    .            (no boots)
Will    .....        (no amulet) Stlth
                     h - +5 ring of evasion
HPRegen 0.28/turn    q - +6 ring of strength
MPRegen 0.11/turn

%: no passive effects
@: no status effects
A: sickness immunity, AC +5, negative energy resistance 1, electricity
resistance, torment resistance 1, petrification resistance
a: no special abilities


You were on level 8 of the Dungeon.
You visited 1 branch of the dungeon, and saw 6 of its levels.

You collected 174 gold pieces.

Inventory:

Hand Weapons
 a - a +0 flail (weapon)
Missiles
 p - a poisoned dart (quivered)
Armour
 c - a +0 buckler (worn)
 l - a +0 chain mail (worn)
Jewellery
 h - a +5 ring of evasion (left hand)
 q - a +6 ring of strength (right hand)
Wands
 b - a wand of light (15)
 n - a wand of roots (12)
Scrolls
 g - a scroll of fog {unknown}
 j - 3 scrolls of teleportation {unknown}
 k - 2 scrolls of identify {unknown}
 o - a scroll of vulnerability {unknown}
Potions
 d - a potion of might
 e - 4 potions of curing {unknown}
 f - a potion of resistance {unknown}
 i - a potion of cancellation {unknown}
 m - a potion of brilliance {unknown}
 r - a potion of attraction {unknown}


   Skills:
 + Level 5.7 Fighting
 + Level 4.7 Maces & Flails
 + Level 5.8 Armour
 + Level 5.8 Shields


You had 7 spell levels left.
You didn't know any spells.
Your spell library contained the following spells:

 Spells                   Type           Power      Damage    Failure   Level
 Passage of Golubria      Tloc           0%         N/A       100%        4
 Silence                  Hex/Air        0%         N/A       100%        5
 Lehudib's Crystal Spear  Conj/Erth      0%         10d2      100%        8


Dungeon Overview and Level Annotations

Branches:
Dungeon (5/15)
 Temple: D:4-7

Altars:
Kikubaaqudgha
The Shining One

Annotations:
D:8 Joseph


Innate Abilities, Weirdness & Mutations

You are immune to sickness and miasma.
Your stone body is resilient. (AC +5)
You are immune to poison.
You resist negative energy. (rN+)
You are resistant to electric shocks. (rElec)
You are resistant to unholy torment.
You are immune to petrification.


Message History

Throw: 7 darts (poison)
Press: ? - help, Q - select action, (/) - cycle Shift-Dir - straight line, f/p - Joseph
Aim: Joseph, wielding a +4 spectral quarterstaff and wearing a +1 ring mail of poison resistance (56% to hit)
You throw a poisoned dart. The poisoned dart hits Joseph.
Joseph hits you with a +4 spectral quarterstaff!
You block the +4 spectral quarterstaff's attack.
Throw: 6 darts (poison)
Press: ? - help, Q - select action, (/) - cycle Shift-Dir - straight line, f/p - Joseph
Aim: Joseph, wielding a +4 spectral quarterstaff and wearing a +1 ring mail of poison resistance (56% to hit)
You throw a poisoned dart. The poisoned dart hits Joseph.
You block Joseph's attack.
The +4 spectral quarterstaff closely misses you.
Throw: 5 darts (poison)
Press: ? - help, Q - select action, (/) - cycle Shift-Dir - straight line, f/p - Joseph
Aim: Joseph, wielding a +4 spectral quarterstaff and wearing a +1 ring mail of poison resistance (56% to hit)
You throw a poisoned dart.
The poisoned dart closely misses Joseph.
You block Joseph's attack. The +4 spectral quarterstaff hits you.
Throw: 4 darts (poison)
Press: ? - help, Q - select action, (/) - cycle Shift-Dir - straight line, f/p - Joseph
Aim: Joseph, wielding a +4 spectral quarterstaff and wearing a +1 ring mail of poison resistance (56% to hit)
You throw a poisoned dart.
The poisoned dart closely misses Joseph.
Joseph hits you with a +4 spectral quarterstaff!
The +4 spectral quarterstaff hits you!
* * * LOW HITPOINT WARNING * * *
Throw: 3 darts (poison)
Press: ? - help, Q - select action, (/) - cycle Shift-Dir - straight line, f/p - Joseph
Aim: Joseph, wielding a +4 spectral quarterstaff and wearing a +1 ring mail of poison resistance (56% to hit)
You throw a poisoned dart. The poisoned dart hits Joseph.
You block Joseph's attack. The +4 spectral quarterstaff hits you.
* * * LOW HITPOINT WARNING * * *
Throw: 2 darts (poison)
Press: ? - help, Q - select action, (/) - cycle Shift-Dir - straight line, f/p - Joseph
Aim: Joseph, wielding a +4 spectral quarterstaff and wearing a +1 ring mail of poison resistance (56% to hit)
You throw a poisoned dart. The poisoned dart barely misses Joseph.
Joseph hits you with a +4 spectral quarterstaff.
* * * LOW HITPOINT WARNING * * *
The +4 spectral quarterstaff hits you.
You die...

#.# #.# #.#
#.# #.# #.#
#.# #######
#.###(.....#
#...@......+
#####@.....#
.(....#
#######


You could see Joseph and a +4 spectral quarterstaff.

Vanquished Creatures
  Sigmund (D:2)
  Edmund (D:4)
  An ogre (D:4)
  A scorpion (D:4)
  3 vampire bats (D:4)
  A jelly (D:3)
  An orc priest (D:4)
  Jessica (D:2)
  An iguana (D:4)
  An orc wizard (D:3)
  Ijyb (D:3)
  5 adders
  4 gnolls (D:4)
  A worm (D:2)
  3 dart slugs
  2 orcs (D:3)
  3 bat skeletons (D:4)
  3 bat zombies (D:4)
  9 endoplasms
  4 giant cockroaches
  2 goblins
  9 hobgoblins
  3 quokkas
  8 ball pythons
  4 bats
  6 frilled lizards
  14 kobolds
  5 rats
98 creatures vanquished.

Notes
Turn   | Place    | Note
-------+----------+-------------------------------------------
     0 | D:1      | Dittersdorf the Gargoyle Fighter began the quest for the
                  | Orb.
     0 | D:1      | Reached XP level 1. HP: 14/14 MP: 1/1
    53 | D:1      | Reached XP level 2. HP: 18/19 MP: 2/2
   262 | D:1      | Reached XP level 3. HP: 23/23 MP: 3/3
   765 | D:2      | Noticed Jessica
   776 | D:2      | Killed Jessica
   777 | D:2      | Reached XP level 4. HP: 25/29 MP: 4/4
   925 | D:2      | Noticed Sigmund
   937 | D:2      | Killed Sigmund
   938 | D:2      | Reached XP level 5. HP: 34/34 MP: 5/5
   946 | D:2      | Found a glowing golden altar of the Shining One.
  1006 | D:2      | Reached XP level 6. HP: 39/39 MP: 6/6
  1936 | D:3      | Noticed Ijyb
  1948 | D:3      | Killed Ijyb
  3171 | D:3      | Reached skill level 5 in Armour
  3171 | D:3      | Reached skill level 5 in Shields
  3191 | D:3      | Reached skill level 5 in Fighting
  3191 | D:3      | Reached XP level 7. HP: 32/44 MP: 7/7
  3465 | D:4      | Found an ancient bone altar of Kikubaaqudgha.
  3594 | D:4      | Found a glowing golden altar of the Shining One.
  3965 | D:4      | Noticed Edmund
  3986 | D:4      | Killed Edmund
  3987 | D:4      | Reached XP level 8. HP: 12/51 MP: 8/8
  4184 | D:5      | Entered Level 5 of the Dungeon
  4233 | D:5      | You fall into a shaft and drop 3 floors!
  4239 | D:8      | Noticed Joseph
  4247 | D:8      | Slain by a +4 spectral quarterstaff

Illustrated notes

Levels and vault maps discovered:
D:1:      lemuel_arrival_hallway, layout_loops_ring, minmay_tromino_i4
D:2:      minmay_chambers_of_ones, layout_loops_corners, basic_altar,
          uniq_jessica, uniq_sigmund
D:3:      layout_loops_ring, uniq_ijyb
D:4:      layout_loops_cross, kennysheep_vampire_church,
          mainiacjoe_overflow_cross_hatched, grunt_decor_clamped, uniq_edmund
D:5:      layout_basic, slow_altar_1, serial_shops, shop_statue, dk_vineyard_3
D:8:      layout_basic, kennysheep_generic_room_7, uniq_jeremiah, uniq_joseph,
          uniq_maggie, uniq_grum, uniq_erica

Skill      XL: |  1  2  3  4  5  6  7 |
---------------+----------------------+-----
Fighting       | 4 5 |  5.7
Maces & Flails | 3 4 |  4.7
Armour         | 4 5 |  5.8
Shields        | 4 5 |  5.8

Action                     |  1- 3 |  4- 6 |  7- 9 || total
---------------------------+-------+-------+-------++-------
  Melee: Flail             |    84 |   162 |   123 ||   369
  Throw: Dart              |       |     4 |     7 ||    11
    Use: Scroll            |       |     1 |       ||     1
 Armour: Scale mail        |    56 |     7 |       ||    63
         Chain mail        |       |    88 |    60 ||   148
  Dodge: Dodged            |    51 |    51 |    68 ||   170
  Block: Buckler           |    17 |    31 |    37 ||    85

Table legend: (Time is in decaauts)
 A = Elapsed time spent in this place.
 B = Non-inter-level travel time spent in this place.
 C = Inter-level travel time spent in this place.
 D = Time resting spent in this place.
 E = Time spent auto-exploring this place.
 F = Levels seen in this place.
 G = Mean time per level.
                   A        B        C        D        E       F      G
               +--------+--------+--------+--------+--------+-----+--------+
         Total |   4346 |   3946 |    400 |    557 |   2577 |   6 |  724.3 |
       Dungeon |   4346 |   3946 |    400 |    557 |   2577 |   6 |  724.3 |
               +--------+--------+--------+--------+--------+-----+--------+

Top non-repeatable levels by time:
     D:4: 1410 daAuts
     D:2: 1187 daAuts
     D:3: 958 daAuts
     D:1: 726 daAuts
     D:5: 49 daAuts
     D:8: 13 daAuts
